Quebec Nordiques vs Toronto Maple Leafs
Created - Wednesday, November 27, 2024 at 09:28
Goals
|
| Quebec Nordiques |
2 |
0 |
1 |
3 |
| Toronto Maple Leafs |
1 |
1 |
2 |
4 |
|
Shots
|
| Quebec Nordiques |
13 |
11 |
9 |
33 |
| Toronto Maple Leafs |
18 |
10 |
15 |
43 |
|
1st period
1. Quebec Nordiques , Zach Benson 15 (Anthony Duclair 39) at 6:50
2. Quebec Nordiques , Ryan Poehling 14 (Alec Martinez 4) at 12:50
3. Toronto Maple Leafs , Wyatt Johnston 30 (Quinton Byfield 33, Tomas Hertl 39) at 18:39 (PP)
Penalties :
Scott Laughton (TOR) for Tripping (Minor) at 3:04, Zach Benson (QUE) for Hooking (Minor) at 17:46, Brady Tkachuk (TOR) for Fighting (Major) at 18:56, Cole Perfetti (QUE) for Fighting (Major) at 18:56
2nd period
4. Toronto Maple Leafs , Quinton Byfield 34 (Troy Terry 46) at 6:38
Penalties :
Scott Laughton (TOR) for High sticking (Minor) at 2:43, Shane Pinto (QUE) for Cross-checking (Minor) at 10:06
3rd period
5. Toronto Maple Leafs , Scott Laughton 18 (Dougie Hamilton 27, Sam Bennett 19) at 4:35
6. Toronto Maple Leafs , Andrew Mangiapane 10 (Sean Walker 21, Nino Niederreiter 15) at 11:04
7. Quebec Nordiques , Shane Pinto 28 (Zach Benson 15) at 14:36
Penalties :
Marco Rossi (QUE) for Roughing (Minor) at 7:20
Goalie Stats
John Gibson (QUE), 39 saves from 43 shots - (0.907), L, 13-22-7, 59:01 minutes
Cam Talbot (TOR), 30 saves from 33 shots - (0.909), W, 33-18-6, 60:00 minutes
Players Stats for Quebec Nordiques
Player Name G A P +/- PIM S H SB GA TA FO MP PP MP PK MP
------------------------------------------------------------------------------------
Alec Martinez 0 1 1 2 0 2 3 2 2 0 0/0 24:31 1:55 3:18
Andreas Athanasiou 0 0 0 0 0 2 1 1 0 0 0/1 12:22 0:00 0:00
Anthony Duclair 0 1 1 0 0 1 0 0 3 0 1/2 17:14 1:58 0:00
Cole Perfetti 0 0 0 -1 5 2 2 0 2 1 1/2 16:04 1:26 0:00
Connor Brown 0 0 0 1 0 0 0 0 0 0 0/1 10:45 0:00 2:08
J.J. Moser 0 0 0 0 0 2 1 2 1 2 0/0 28:25 2:03 1:33
Jonas Siegenthaler 0 0 0 0 0 0 1 2 0 1 0/0 26:56 1:55 2:13
Jordan Greenway 0 0 0 0 0 6 1 1 1 0 0/0 17:00 0:47 2:43
Justin Holl 0 0 0 -1 0 0 1 3 0 1 0/0 14:56 0:00 0:00
Kirby Dach 0 0 0 -1 0 0 3 1 0 0 1/3 16:34 1:52 0:00
Marc Staal 0 0 0 0 0 0 0 1 0 0 0/0 1:03 0:00 0:00
Marco Rossi 0 0 0 -1 2 6 0 1 1 0 9/18 16:37 1:47 0:00
Michael Anderson 0 0 0 -1 0 1 1 3 0 1 0/0 24:09 2:03 2:38
Michael McCarron 0 0 0 0 0 2 2 0 0 0 12/19 14:30 0:00 2:08
Rem Pitlick 0 0 0 1 0 1 2 0 1 0 0/0 8:37 0:00 0:00
Ryan Poehling 1 0 1 1 0 1 1 0 0 0 2/4 11:40 0:06 2:43
Shane Pinto 1 0 1 0 2 5 1 1 0 1 7/16 17:15 2:00 0:00
Zach Benson 1 1 2 0 2 2 1 1 0 0 1/1 16:27 1:58 0:00
Players Stats for Toronto Maple Leafs
Player Name G A P +/- PIM S H SB GA TA FO MP PP MP PK MP
------------------------------------------------------------------------------------
Aaron Ekblad 0 0 0 1 0 0 1 0 0 4 0/0 18:25 2:14 1:51
Andrew Mangiapane 1 0 1 1 0 5 0 2 1 0 0/1 16:06 0:19 2:17
Brady Tkachuk 0 0 0 -2 5 3 1 1 1 1 0/0 16:08 2:46 0:12
Brandon Saad 0 0 0 0 0 2 0 0 0 0 0/1 11:11 1:46 0:14
Cody Ceci 0 0 0 -1 0 1 1 1 0 1 0/0 19:53 0:17 2:07
Dougie Hamilton 0 1 1 0 0 1 4 2 0 0 0/0 20:24 2:31 0:00
Mario Ferraro 0 0 0 -1 0 2 1 0 1 0 0/0 19:51 0:00 1:51
Nick Bjugstad 0 0 0 1 0 2 2 0 0 0 8/12 15:41 0:00 1:44
Nicolas Roy 0 0 0 -2 0 2 1 0 0 0 0/1 15:20 0:00 2:00
Nino Niederreiter 0 1 1 1 0 1 0 1 1 0 1/3 13:28 0:00 0:00
Quinton Byfield 1 1 2 1 0 5 0 0 0 0 2/2 15:47 2:05 0:00
Ryan Pulock 0 0 0 1 0 0 0 0 0 1 0/0 20:46 2:20 2:07
Sam Bennett 0 1 1 0 0 6 1 0 1 2 0/0 9:11 0:00 0:00
Scott Laughton 1 0 1 0 4 3 0 0 1 0 4/4 10:54 0:00 0:00
Sean Walker 0 1 1 0 0 1 1 2 0 1 0/0 20:41 2:20 0:00
Tomas Hertl 0 1 1 -2 0 1 3 0 0 0 7/16 17:28 2:46 0:00
Troy Terry 0 1 1 1 0 6 1 0 0 0 1/2 17:29 2:46 0:00
Wyatt Johnston 1 0 1 1 0 2 0 1 1 1 10/25 17:23 2:05 1:36
3 Stars
1 - Quinton Byfield (TOR)
2 - Andrew Mangiapane (TOR)
3 - Wyatt Johnston (TOR)
Power Play
Quebec Nordiques - 0 on 2 Attempt(s) - 0.00%
Toronto Maple Leafs - 1 on 3 Attempt(s) - 33.33%
Penalty Kill
Quebec Nordiques - 2 on 3 Attempt(s) - 66.67%
- Score 0 goal in Penalty Kill
Toronto Maple Leafs - 2 on 2 Attempt(s) - 100.00%
- Score 0 goal in Penalty Kill
Team Stat
Quebec Nordiques - Hits : 21 - Faceoff Wins : 34 - Blocked Shots : 19 - Penalty Minutes : 11
Toronto Maple Leafs - Hits : 17 - Faceoff Wins : 33 - Blocked Shots : 10 - Penalty Minutes : 9
Official
Referees : Unknown
Linesman : Unknown
Game Notes
Marc Staal is injured at 5:33 of 1st period (Groin)
Brady Tkachuk beats up Cole Perfetti at 18:56 of 1st period
Aaron Ekblad is injured at 8:16 of 3rd period (Right Leg)
Finance
Level 1 -- Attendance: 5762 (96.03%) -- Ticket Income $541,628
Level 2 -- Attendance: 4748 (94.96%) -- Ticket Income $256,392
Level 3 -- Attendance: 2817 (93.90%) -- Ticket Income $92,961
Level 4 -- Attendance: 4660 (93.20%) -- Ticket Income $97,860
Luxury Box -- Attendance: 972 (97.20%) -- Ticket Income $187,596
Game was played at the Air Canada Centre.
Total Attendance: 18959 (94.80%)
Total Ticket Income: $1,176,437
Other Income: $411,753
Total Income: $1,588,190
Quebec Nordiques
5 vs 5 Forward
Center Left Wing Right Wing Time % Phy DF OF
1 Shane Pinto Zach Benson Anthony Duclair 30 1 1 3
2 Marco Rossi Cole Perfetti Kirby Dach 30 1 1 3
3 Michael McCarron Andreas Athanasiou Jordan Greenway 25 1 1 3
4 Ryan Poehling Connor Brown Rem Pitlick 15 1 3 1
5 vs 5 Defense
Defense Defense Time % Phy DF OF
1 J.J. Moser Michael Anderson 30 1 3 1
2 Jonas Siegenthaler Alec Martinez 30 1 3 1
3 Marc Staal Justin Holl 30 1 3 1
4 J.J. Moser Jonas Siegenthaler 10 1 3 1
PowerPlay Forward
Center Left Wing Right Wing Time % Phy DF OF
1 Shane Pinto Cole Perfetti Anthony Duclair 50 1 0 4
2 Marco Rossi Zach Benson Kirby Dach 50 1 0 4
PowerPlay Defense
Defense Defense Time % Phy DF OF
1 J.J. Moser Michael Anderson 50 1 3 1
2 Jonas Siegenthaler Alec Martinez 50 1 3 1
Penalty Kill 4 Players Forward
Center Wing Time % Phy DF OF
1 Ryan Poehling Jordan Greenway 50 1 2 2
2 Michael McCarron Connor Brown 50 1 2 2
Penalty Kill 4 Players Defense
Defense Defense Time % Phy DF OF
1 J.J. Moser Jonas Siegenthaler 50 1 2 2
2 Michael Anderson Alec Martinez 50 1 2 2
Penalty Kill - 3 Players Forward
Forward Time % Phy DF OF
1 Shane Pinto 50 1 2 2
2 Marco Rossi 50 1 2 2
Penalty Kill - 3 Players Defense
Defense Defense Time % Phy DF OF
1 J.J. Moser Jonas Siegenthaler 50 1 2 2
2 Alec Martinez Michael Anderson 50 1 2 2
4 vs 4 Forward
Center Wing Time % Phy DF OF
1 Shane Pinto Anthony Duclair 50 1 2 2
2 Marco Rossi Cole Perfetti 50 1 2 2
4 vs 4 Defense
Defense Defense Time % Phy DF OF
1 J.J. Moser Jonas Siegenthaler 50 1 2 2
2 Alec Martinez Michael Anderson 50 1 2 2
Last Minutes Offensive
Center Left Wing Right Wing Defense Defense
Shane Pinto Cole Perfetti Anthony Duclair J.J. Moser Jonas Siegenthaler
Last Minutes Defensive
Center Left Wing Right Wing Defense Defense
Michael McCarron Ryan Poehling Jordan Greenway J.J. Moser Jonas Siegenthaler
Goaltenders
Starting : John Gibson
Backup : Lukas Dostal
Extra Forwards
Normal : Jordan Greenway, Michael McCarron, Andreas Athanasiou - PP : Jordan Greenway, Zach Benson - PK : Zach Benson
Extra Defensemen
Normal : J.J. Moser, Michael Anderson, Jonas Siegenthaler - PP : Alec Martinez - PK : J.J. Moser, Jonas Siegenthaler
Penalty Shots
Zach Benson, Kirby Dach, Anthony Duclair, Shane Pinto, Andreas Athanasiou
Scratches
Jakub Voracek (Healthy), Alexander Alexeyev (Healthy), Dysin Mayo (Healthy), Keith Kinkaid (Healthy)
Toronto Maple Leafs
5 vs 5 Forward
Center Left Wing Right Wing Time % Phy DF OF
1 Tomas Hertl Brady Tkachuk Nicolas Roy 30 1 2 2
2 Wyatt Johnston Quinton Byfield Troy Terry 30 1 2 2
3 Nick Bjugstad Nino Niederreiter Andrew Mangiapane 25 1 2 2
4 Scott Laughton Sam Bennett Brandon Saad 15 1 2 2
5 vs 5 Defense
Defense Defense Time % Phy DF OF
1 Aaron Ekblad Ryan Pulock 33 1 2 2
2 Mario Ferraro Cody Ceci 32 1 2 2
3 Sean Walker Dougie Hamilton 31 1 2 2
4 Mario Ferraro Cody Ceci 4 1 2 2
PowerPlay Forward
Center Left Wing Right Wing Time % Phy DF OF
1 Tomas Hertl Brady Tkachuk Troy Terry 50 1 2 2
2 Wyatt Johnston Quinton Byfield Brandon Saad 50 1 2 2
PowerPlay Defense
Defense Defense Time % Phy DF OF
1 Dougie Hamilton Aaron Ekblad 50 1 2 2
2 Ryan Pulock Sean Walker 50 1 2 2
Penalty Kill 4 Players Forward
Center Wing Time % Phy DF OF
1 Nick Bjugstad Andrew Mangiapane 50 1 2 2
2 Scott Laughton Nicolas Roy 50 1 2 2
Penalty Kill 4 Players Defense
Defense Defense Time % Phy DF OF
1 Aaron Ekblad Mario Ferraro 50 1 2 2
2 Cody Ceci Ryan Pulock 50 1 2 2
Penalty Kill - 3 Players Forward
Forward Time % Phy DF OF
1 Nick Bjugstad 50 1 2 2
2 Scott Laughton 50 1 2 2
Penalty Kill - 3 Players Defense
Defense Defense Time % Phy DF OF
1 Mario Ferraro Aaron Ekblad 50 1 2 2
2 Cody Ceci Ryan Pulock 50 1 2 2
4 vs 4 Forward
Center Wing Time % Phy DF OF
1 Scott Laughton Troy Terry 50 1 2 2
2 Wyatt Johnston Brady Tkachuk 50 1 2 2
4 vs 4 Defense
Defense Defense Time % Phy DF OF
1 Cody Ceci Mario Ferraro 50 1 2 2
2 Aaron Ekblad Ryan Pulock 50 1 2 2
Last Minutes Offensive
Center Left Wing Right Wing Defense Defense
Tomas Hertl Brady Tkachuk Nick Bjugstad Aaron Ekblad Dougie Hamilton
Last Minutes Defensive
Center Left Wing Right Wing Defense Defense
Tomas Hertl Scott Laughton Nick Bjugstad Aaron Ekblad Ryan Pulock
Goaltenders
Starting : Cam Talbot
Backup : Frederik Andersen
Extra Forwards
Normal : Scott Laughton, Brandon Saad, Andrew Mangiapane - PP : Andrew Mangiapane, Sam Bennett - PK : Andrew Mangiapane
Extra Defensemen
Normal : Sean Walker, Dougie Hamilton, Mario Ferraro - PP : Cody Ceci - PK : Sean Walker, Dougie Hamilton
Penalty Shots
Dougie Hamilton, Nick Bjugstad, Quinton Byfield, Troy Terry, Nicolas Roy
Scratches
Bowen Byram (Healthy), Kyle Okposo (Healthy), Warren Foegele (Healthy), Luke Schenn (Healthy), Pierre Engvall (Healthy)
% Time on Ice - Quebec Nordiques
Lines # - Real PCT - Wanted PCT - Time Play
Normal Forward
1 - 29% - 30% - 14:24
2 - 29% - 30% - 14:42
3 - 25% - 25% - 12:22
4 - 17% - 15% - 8:37
Normal Defense
1 - 30% - 30% - 15:15
2 - 31% - 30% - 15:20
3 - 32% - 30% - 16:08
4 - 7% - 10% - 3:22
PP Forward
1 - 55% - 50% - 2:11
2 - 45% - 50% - 1:47
PP Defense
1 - 52% - 50% - 2:03
2 - 48% - 50% - 1:55
PK Forward
1 - 56% - 50% - 2:43
2 - 44% - 50% - 2:08
PK Defense
1 - 48% - 50% - 2:21
2 - 52% - 50% - 2:30
PK3 Forward
1 - 0% - 50%
2 - 0% - 50%
PK3 Defense
1 - 0% - 50%
2 - 0% - 50%
44 Forward
1 - 0% - 50%
2 - 0% - 50%
44 Defense
1 - 0% - 50%
2 - 0% - 50%
Last Minute Offensive - 1:06
Last Minute Defensive - 0:00
Total
Forward - 60:00
Defense - 60:00
|
% Time on Ice - Toronto Maple Leafs
Lines # - Real PCT - Wanted PCT - Time Play
Normal Forward
1 - 28% - 30% - 14:23
2 - 27% - 30% - 13:48
3 - 26% - 25% - 13:28
4 - 18% - 15% - 9:11
Normal Defense
1 - 36% - 33% - 18:31
2 - 32% - 32% - 16:31
3 - 31% - 31% - 15:32
4 - 1% - 4% - 0:16
PP Forward
1 - 57% - 50% - 2:46
2 - 43% - 50% - 2:05
PP Defense
1 - 52% - 50% - 2:31
2 - 48% - 50% - 2:20
PK Forward
1 - 42% - 50% - 1:39
2 - 58% - 50% - 2:19
PK Defense
1 - 47% - 50% - 1:51
2 - 53% - 50% - 2:07
PK3 Forward
1 - 0% - 50%
2 - 0% - 50%
PK3 Defense
1 - 0% - 50%
2 - 0% - 50%
44 Forward
1 - 0% - 50%
2 - 0% - 50%
44 Defense
1 - 0% - 50%
2 - 0% - 50%
Last Minute Offensive - 0:00
Last Minute Defensive - 0:21
Total
Forward - 60:00
Defense - 60:00
|
Play-by-Play
1st period
0:01 of 1st period - Shane Pinto wins face-off versus Tomas Hertl in neutral zone.
0:08 of 1st period - Snap shot by Anthony Duclair.
0:08 of 1st period - Stopped by Cam Talbot without a rebound.
0:09 of 1st period - Shane Pinto wins face-off versus Tomas Hertl in Toronto Maple Leafs zone.
0:22 of 1st period - Snap shot by Shane Pinto.
0:22 of 1st period - Shot Misses the Net.
0:50 of 1st period - J.J. Moser is hit by Tomas Hertl and loses puck.
1:18 of 1st period - Off-side.
1:19 of 1st period - Wyatt Johnston wins face-off versus Marco Rossi in neutral zone.
1:29 of 1st period - Snap shot by Troy Terry.
1:29 of 1st period - Deflect By Quinton Byfield.
1:29 of 1st period - Stopped by John Gibson with a rebound.
1:31 of 1st period - Slapshot by Mario Ferraro.
1:31 of 1st period - Deflect By Wyatt Johnston.
1:31 of 1st period - Stopped by John Gibson with a rebound.
1:33 of 1st period - Slapshot by Troy Terry.
1:33 of 1st period - Shot Misses the Net.
1:35 of 1st period - Backhand shot by Cody Ceci.
1:35 of 1st period - Deflect By Alec Martinez.
1:35 of 1st period - Stopped by John Gibson without a rebound.
1:36 of 1st period - Michael McCarron wins face-off versus Nino Niederreiter in Quebec Nordiques zone.
1:43 of 1st period - Wrist shot by Nick Bjugstad.
1:43 of 1st period - Stopped by John Gibson with a rebound.
1:45 of 1st period - Snap shot by Nick Bjugstad.
1:45 of 1st period - Deflect By Andrew Mangiapane.
1:45 of 1st period - Stopped by John Gibson without a rebound.
1:46 of 1st period - Nick Bjugstad wins face-off versus Michael McCarron in Quebec Nordiques zone.
2:09 of 1st period - Wrist shot by Nick Bjugstad.
2:09 of 1st period - Deflect By Andrew Mangiapane.
2:09 of 1st period - Shot Misses the Net.
2:09 of 1st period - Puck is out of play.
2:10 of 1st period - Cole Perfetti wins face-off versus Wyatt Johnston in Quebec Nordiques zone.
2:25 of 1st period - Icing by Alec Martinez.
2:26 of 1st period - Scott Laughton wins face-off versus Marco Rossi in Quebec Nordiques zone.
2:27 of 1st period - Wrist shot by Sam Bennett.
2:27 of 1st period - Stopped by John Gibson with a rebound.
3:04 of 1st period - Minor Penalty to Scott Laughton for Tripping.
3:05 of 1st period - Nick Bjugstad wins face-off versus Shane Pinto in Toronto Maple Leafs zone.
3:41 of 1st period - Icing by Michael Anderson.
3:42 of 1st period - Shane Pinto wins face-off versus Nick Bjugstad in Quebec Nordiques zone.
3:47 of 1st period - Slapshot by Anthony Duclair.
3:47 of 1st period - Shot Misses the Net.
3:49 of 1st period - Slapshot by J.J. Moser.
3:49 of 1st period - Stopped by Cam Talbot with a rebound.
3:51 of 1st period - Slapshot by Michael Anderson.
3:51 of 1st period - Stopped by Cam Talbot without a rebound.
3:52 of 1st period - Marco Rossi wins face-off versus Nicolas Roy in Toronto Maple Leafs zone.
4:19 of 1st period - Jonas Siegenthaler is hit by Cody Ceci and loses puck.
5:00 of 1st period - Andrew Mangiapane is hit by J.J. Moser and loses puck.
5:04 of 1st period - Penalty to Scott Laughton is over, Scott Laughton is back on ice.
5:13 of 1st period - Slapshot by Scott Laughton.
5:13 of 1st period - Shot Blocked by Justin Holl.
5:33 of 1st period - Snap shot by Wyatt Johnston.
5:33 of 1st period - Shot Blocked by Marc Staal.
5:33 of 1st period - Marc Staal from Quebec Nordiques is injured at 5:33 of 1st period (Groin).
5:34 of 1st period - Michael McCarron wins face-off versus Wyatt Johnston in Quebec Nordiques zone.
5:34 of 1st period - Michael McCarron is hit by Dougie Hamilton.
5:40 of 1st period - Troy Terry is hit by Justin Holl and loses puck.
5:47 of 1st period - J.J. Moser is hit by Dougie Hamilton and loses puck.
6:02 of 1st period - Snap shot by Marco Rossi.
6:02 of 1st period - Shot Misses the Net.
6:04 of 1st period - Slapshot by Justin Holl.
6:04 of 1st period - Shot Blocked by Andrew Mangiapane.
6:06 of 1st period - Wrist shot by J.J. Moser.
6:06 of 1st period - Shot Blocked by Sean Walker.
6:08 of 1st period - Snap shot by Justin Holl.
6:08 of 1st period - Deflect By Marco Rossi.
6:08 of 1st period - Stopped by Cam Talbot with a rebound.
6:36 of 1st period - Snap shot by Brady Tkachuk.
6:36 of 1st period - Shot Misses the Net.
6:48 of 1st period - Snap shot by Anthony Duclair.
6:48 of 1st period - Shot Misses the Net.
6:50 of 1st period - Slapshot by Zach Benson.
6:50 of 1st period - Goal by Zach Benson - Quebec Nordiques : 1 - Toronto Maple Leafs : 0.
6:51 of 1st period - Wyatt Johnston wins face-off versus Michael McCarron in neutral zone.
6:56 of 1st period - Snap shot by Wyatt Johnston.
6:56 of 1st period - Shot Hit the Post.
7:16 of 1st period - Mario Ferraro is hit by Shane Pinto and loses puck.
7:58 of 1st period - Icing by Scott Laughton.
7:59 of 1st period - Tomas Hertl wins face-off versus Ryan Poehling in Toronto Maple Leafs zone.
8:05 of 1st period - Off-side.
8:06 of 1st period - Tomas Hertl wins face-off versus Shane Pinto in neutral zone.
8:15 of 1st period - Snap shot by Brady Tkachuk.
8:15 of 1st period - Stopped by John Gibson with a rebound.
8:17 of 1st period - Snap shot by Brady Tkachuk.
8:17 of 1st period - Shot Hit the Post.
8:25 of 1st period - Zach Benson is hit by Brady Tkachuk and loses puck.
8:50 of 1st period - Snap shot by Brady Tkachuk.
8:50 of 1st period - Stopped by John Gibson with a rebound.
8:52 of 1st period - Slapshot by Tomas Hertl.
8:52 of 1st period - Shot Blocked by Justin Holl.
8:54 of 1st period - Slapshot by Dougie Hamilton.
8:54 of 1st period - Shot Blocked by Jonas Siegenthaler.
8:56 of 1st period - Wrist shot by Tomas Hertl.
8:56 of 1st period - Shot Blocked by Shane Pinto.
8:58 of 1st period - Slapshot by Sean Walker.
8:58 of 1st period - Deflect By Brady Tkachuk.
8:58 of 1st period - Shot Misses the Net.
8:58 of 1st period - Puck is out of play.
8:59 of 1st period - Wyatt Johnston wins face-off versus Kirby Dach in Quebec Nordiques zone.
9:00 of 1st period - Slapshot by Quinton Byfield.
9:00 of 1st period - Shot Blocked by J.J. Moser.
9:02 of 1st period - Slapshot by Sean Walker.
9:02 of 1st period - Stopped by John Gibson with a rebound.
9:12 of 1st period - Snap shot by Wyatt Johnston.
9:12 of 1st period - Shot Misses the Net.
9:14 of 1st period - Slapshot by Dougie Hamilton.
9:14 of 1st period - Stopped by John Gibson with a rebound.
9:24 of 1st period - Wrist shot by Sam Bennett.
9:24 of 1st period - Stopped by John Gibson with a rebound.
10:34 of 1st period - Slapshot by Scott Laughton.
10:34 of 1st period - Deflect By Sam Bennett.
10:34 of 1st period - Stopped by John Gibson with a rebound.
10:50 of 1st period - Nicolas Roy is hit by Ryan Poehling and loses puck.
11:03 of 1st period - Nino Niederreiter is hit by Kirby Dach and loses puck.
11:19 of 1st period - Icing by Wyatt Johnston.
11:20 of 1st period - Troy Terry wins face-off versus Shane Pinto in Toronto Maple Leafs zone.
11:53 of 1st period - Michael Anderson is hit by Nick Bjugstad and loses puck.
12:11 of 1st period - Slapshot by Brady Tkachuk.
12:11 of 1st period - Shot Blocked by J.J. Moser.
12:13 of 1st period - Snap shot by Tomas Hertl.
12:13 of 1st period - Shot Misses the Net.
12:15 of 1st period - Slapshot by Mario Ferraro.
12:15 of 1st period - Deflect By Nicolas Roy.
12:15 of 1st period - Stopped by John Gibson without a rebound.
12:16 of 1st period - Ryan Poehling wins face-off versus Wyatt Johnston in Quebec Nordiques zone.
12:16 of 1st period - Ryan Poehling is hit by Dougie Hamilton.
12:42 of 1st period - Ryan Poehling is hit by Sean Walker and loses puck.
12:48 of 1st period - Alec Martinez is hit by Dougie Hamilton.
12:50 of 1st period - Snap shot by Ryan Poehling.
12:50 of 1st period - Goal by Ryan Poehling - Quebec Nordiques : 2 - Toronto Maple Leafs : 0.
12:51 of 1st period - Marco Rossi wins face-off versus Wyatt Johnston in neutral zone.
12:58 of 1st period - Snap shot by Marco Rossi.
12:58 of 1st period - Stopped by Cam Talbot without a rebound.
12:59 of 1st period - Marco Rossi wins face-off versus Wyatt Johnston in Toronto Maple Leafs zone.
13:02 of 1st period - Snap shot by Cole Perfetti.
13:02 of 1st period - Shot Misses the Net.
13:10 of 1st period - Wrist shot by Troy Terry.
13:10 of 1st period - Deflect By Wyatt Johnston.
13:10 of 1st period - Shot Misses the Net.
13:10 of 1st period - Puck is out of play.
13:11 of 1st period - Michael McCarron wins face-off versus Andrew Mangiapane in Quebec Nordiques zone.
13:16 of 1st period - Slapshot by Andreas Athanasiou.
13:16 of 1st period - Stopped by Cam Talbot with a rebound.
13:18 of 1st period - Wrist shot by Michael McCarron.
13:18 of 1st period - Deflect By Jordan Greenway.
13:18 of 1st period - Shot Misses the Net.
13:18 of 1st period - Puck is out of play.
13:19 of 1st period - Nick Bjugstad wins face-off versus Michael McCarron in Toronto Maple Leafs zone.
13:30 of 1st period - Snap shot by Jordan Greenway.
13:30 of 1st period - Stopped by Cam Talbot with a rebound.
14:37 of 1st period - Snap shot by Troy Terry.
14:37 of 1st period - Stopped by John Gibson without a rebound.
14:38 of 1st period - Tomas Hertl wins face-off versus Shane Pinto in Quebec Nordiques zone.
14:41 of 1st period - Snap shot by Brady Tkachuk.
14:41 of 1st period - Shot Misses the Net.
14:51 of 1st period - Wrist shot by Tomas Hertl.
14:51 of 1st period - Stopped by John Gibson with a rebound.
14:53 of 1st period - Slapshot by Sean Walker.
14:53 of 1st period - Shot Blocked by Zach Benson.
15:05 of 1st period - Sean Walker is hit by Cole Perfetti and loses puck.
15:30 of 1st period - Snap shot by Andreas Athanasiou.
15:30 of 1st period - Shot Blocked by Andrew Mangiapane.
15:32 of 1st period - Snap shot by Michael McCarron.
15:32 of 1st period - Stopped by Cam Talbot without a rebound.
15:33 of 1st period - Zach Benson wins face-off versus Wyatt Johnston in Toronto Maple Leafs zone.
16:00 of 1st period - Tomas Hertl is hit by Jonas Siegenthaler and loses puck.
16:11 of 1st period - Snap shot by Andreas Athanasiou.
16:11 of 1st period - Deflect By Michael McCarron.
16:11 of 1st period - Shot Misses the Net.
16:11 of 1st period - Puck is out of play.
16:12 of 1st period - Marco Rossi wins face-off versus Nick Bjugstad in Toronto Maple Leafs zone.
16:17 of 1st period - Snap shot by Marco Rossi.
16:17 of 1st period - Stopped by Cam Talbot without a rebound.
16:18 of 1st period - Nick Bjugstad wins face-off versus Marco Rossi in Toronto Maple Leafs zone.
16:49 of 1st period - Nick Bjugstad is hit by Alec Martinez and loses puck.
17:12 of 1st period - Snap shot by Ryan Poehling.
17:12 of 1st period - Shot Blocked by Nino Niederreiter.
17:46 of 1st period - Minor Penalty to Zach Benson for Hooking.
17:47 of 1st period - Ryan Poehling wins face-off versus Tomas Hertl in Quebec Nordiques zone.
18:05 of 1st period - Icing by Aaron Ekblad.
18:06 of 1st period - Tomas Hertl wins face-off versus Michael McCarron in Toronto Maple Leafs zone.
18:06 of 1st period - Tomas Hertl is hit by Alec Martinez.
18:19 of 1st period - Snap shot by Michael McCarron.
18:19 of 1st period - Stopped by Cam Talbot with a rebound.
18:21 of 1st period - Snap shot by Connor Brown.
18:21 of 1st period - Shot Misses the Net.
18:33 of 1st period - Snap shot by Quinton Byfield.
18:33 of 1st period - Shot Misses the Net.
18:35 of 1st period - Backhand shot by Wyatt Johnston.
18:35 of 1st period - Shot Misses the Net.
18:39 of 1st period - Wrist shot by Wyatt Johnston.
18:39 of 1st period - Goal by Wyatt Johnston - Quebec Nordiques : 2 - Toronto Maple Leafs : 1.
18:40 of 1st period - Tomas Hertl wins face-off versus Marco Rossi in neutral zone.
18:56 of 1st period - Brady Tkachuk beats up Cole Perfetti.
18:56 of 1st period - Penalty to Brady Tkachuk for Fighting.
18:56 of 1st period - Penalty to Cole Perfetti for Fighting.
18:57 of 1st period - Wyatt Johnston wins face-off versus Michael McCarron in Quebec Nordiques zone.
19:02 of 1st period - Snap shot by Quinton Byfield.
19:02 of 1st period - Stopped by John Gibson with a rebound.
19:04 of 1st period - Slapshot by Mario Ferraro.
19:04 of 1st period - Stopped by John Gibson with a rebound.
19:27 of 1st period - Snap shot by Marco Rossi.
19:27 of 1st period - Stopped by Cam Talbot with a rebound.
19:29 of 1st period - Slapshot by J.J. Moser.
19:29 of 1st period - Shot Misses the Net.
Goals for this period are 2 for Quebec Nordiques vs 1 for Toronto Maple Leafs.
Shots for this period are 13 for Quebec Nordiques vs 18 for Toronto Maple Leafs.
2nd period
0:01 of 2nd period - Anthony Duclair wins face-off versus Wyatt Johnston in neutral zone.
0:08 of 2nd period - Snap shot by Zach Benson.
0:08 of 2nd period - Stopped by Cam Talbot without a rebound.
0:09 of 2nd period - Wyatt Johnston wins face-off versus Shane Pinto in Toronto Maple Leafs zone.
0:30 of 2nd period - Snap shot by Shane Pinto.
0:30 of 2nd period - Stopped by Cam Talbot with a rebound.
0:32 of 2nd period - Wrist shot by Shane Pinto.
0:32 of 2nd period - Shot Misses the Net.
0:48 of 2nd period - Slapshot by Zach Benson.
0:48 of 2nd period - Shot Misses the Net.
0:50 of 2nd period - Slapshot by Alec Martinez.
0:50 of 2nd period - Stopped by Cam Talbot with a rebound.
0:52 of 2nd period - Slapshot by Zach Benson.
0:52 of 2nd period - Shot Misses the Net.
0:54 of 2nd period - Wrist shot by Zach Benson.
0:54 of 2nd period - Deflect By Anthony Duclair.
0:54 of 2nd period - Shot Misses the Net.
0:54 of 2nd period - Puck is out of play.
0:55 of 2nd period - Tomas Hertl wins face-off versus Kirby Dach in Toronto Maple Leafs zone.
1:02 of 2nd period - Wrist shot by Scott Laughton.
1:02 of 2nd period - Shot Misses the Net.
1:05 of 2nd period - Icing by Marco Rossi.
1:06 of 2nd period - Marco Rossi wins face-off versus Tomas Hertl in Quebec Nordiques zone.
1:06 of 2nd period - Marco Rossi is hit by Nicolas Roy.
1:20 of 2nd period - Snap shot by Jordan Greenway.
1:20 of 2nd period - Shot Misses the Net.
1:44 of 2nd period - Snap shot by Nick Bjugstad.
1:44 of 2nd period - Stopped by John Gibson with a rebound.
2:02 of 2nd period - Snap shot by Shane Pinto.
2:02 of 2nd period - Stopped by Cam Talbot without a rebound.
2:03 of 2nd period - Michael McCarron wins face-off versus Tomas Hertl in Toronto Maple Leafs zone.
2:18 of 2nd period - Wrist shot by Andreas Athanasiou.
2:18 of 2nd period - Deflect By Michael McCarron.
2:18 of 2nd period - Shot Blocked by Cody Ceci.
2:18 of 2nd period - Puck is out of play.
2:19 of 2nd period - Quinton Byfield wins face-off versus Marco Rossi in Toronto Maple Leafs zone.
2:43 of 2nd period - Minor Penalty to Scott Laughton for High sticking.
2:44 of 2nd period - Marco Rossi wins face-off versus Nick Bjugstad in Toronto Maple Leafs zone.
2:44 of 2nd period - Wrist shot by Kirby Dach.
2:44 of 2nd period - Deflect By Marco Rossi.
2:44 of 2nd period - Stopped by Cam Talbot without a rebound.
2:45 of 2nd period - Nick Bjugstad wins face-off versus Marco Rossi in Toronto Maple Leafs zone.
3:55 of 2nd period - Brandon Saad is hit by Zach Benson and loses puck.
3:56 of 2nd period - Penalty to Brady Tkachuk is over, Brady Tkachuk is back on ice.
4:43 of 2nd period - Penalty to Scott Laughton is over, Scott Laughton is back on ice.
5:06 of 2nd period - Ryan Pulock is hit by Jordan Greenway and loses puck.
5:19 of 2nd period - Wrist shot by Rem Pitlick.
5:19 of 2nd period - Shot Misses the Net.
6:18 of 2nd period - Nicolas Roy is hit by Rem Pitlick and loses puck.
6:38 of 2nd period - Slapshot by Quinton Byfield.
6:38 of 2nd period - Goal by Quinton Byfield - Quebec Nordiques : 2 - Toronto Maple Leafs : 2.
6:39 of 2nd period - Michael McCarron wins face-off versus Troy Terry in neutral zone.
7:06 of 2nd period - Zach Benson is hit by Tomas Hertl and loses puck.
7:34 of 2nd period - Off-side.
7:35 of 2nd period - Michael McCarron wins face-off versus Wyatt Johnston in neutral zone.
7:43 of 2nd period - Icing by Andreas Athanasiou.
7:44 of 2nd period - Michael McCarron wins face-off versus Wyatt Johnston in Quebec Nordiques zone.
7:55 of 2nd period - Snap shot by Jordan Greenway.
7:55 of 2nd period - Stopped by Cam Talbot without a rebound.
7:56 of 2nd period - Marco Rossi wins face-off versus Tomas Hertl in Toronto Maple Leafs zone.
8:11 of 2nd period - Wrist shot by Cole Perfetti.
8:11 of 2nd period - Stopped by Cam Talbot with a rebound.
9:11 of 2nd period - Wyatt Johnston is hit by Michael McCarron and loses puck.
9:39 of 2nd period - Icing by Aaron Ekblad.
9:40 of 2nd period - Shane Pinto wins face-off versus Tomas Hertl in Toronto Maple Leafs zone.
10:06 of 2nd period - Minor Penalty to Shane Pinto for Cross-checking.
10:07 of 2nd period - Michael McCarron wins face-off versus Wyatt Johnston in Quebec Nordiques zone.
10:15 of 2nd period - Wrist shot by Wyatt Johnston.
10:15 of 2nd period - Shot Misses the Net.
11:47 of 2nd period - Icing by Wyatt Johnston.
11:48 of 2nd period - Michael McCarron wins face-off versus Brandon Saad in Toronto Maple Leafs zone.
12:06 of 2nd period - Penalty to Shane Pinto is over, Shane Pinto is back on ice.
12:20 of 2nd period - Slapshot by Marco Rossi.
12:20 of 2nd period - Stopped by Cam Talbot with a rebound.
12:42 of 2nd period - Snap shot by Brady Tkachuk.
12:42 of 2nd period - Deflect By Troy Terry.
12:42 of 2nd period - Stopped by John Gibson with a rebound.
12:58 of 2nd period - Snap shot by Andreas Athanasiou.
12:58 of 2nd period - Stopped by Cam Talbot without a rebound.
12:59 of 2nd period - Marco Rossi wins face-off versus Nino Niederreiter in Toronto Maple Leafs zone.
13:00 of 2nd period - Snap shot by Cole Perfetti.
13:00 of 2nd period - Stopped by Cam Talbot with a rebound.
13:44 of 2nd period - Scott Laughton is hit by Rem Pitlick and loses puck.
13:59 of 2nd period - Snap shot by Scott Laughton.
13:59 of 2nd period - Shot Misses the Net.
14:05 of 2nd period - Slapshot by Sam Bennett.
14:05 of 2nd period - Stopped by John Gibson with a rebound.
14:07 of 2nd period - Snap shot by Brandon Saad.
14:07 of 2nd period - Stopped by John Gibson with a rebound.
14:09 of 2nd period - Wrist shot by Sam Bennett.
14:09 of 2nd period - Shot Misses the Net.
14:11 of 2nd period - Slapshot by Mario Ferraro.
14:11 of 2nd period - Stopped by John Gibson without a rebound.
14:12 of 2nd period - Kirby Dach wins face-off versus Nick Bjugstad in Quebec Nordiques zone.
14:26 of 2nd period - Wrist shot by Andrew Mangiapane.
14:26 of 2nd period - Stopped by John Gibson with a rebound.
15:21 of 2nd period - Slapshot by Troy Terry.
15:21 of 2nd period - Stopped by John Gibson with a rebound.
15:31 of 2nd period - Anthony Duclair is hit by Aaron Ekblad and loses puck.
16:48 of 2nd period - Snap shot by Rem Pitlick.
16:48 of 2nd period - Shot Misses the Net.
17:20 of 2nd period - Snap shot by Andreas Athanasiou.
17:20 of 2nd period - Shot Misses the Net.
17:28 of 2nd period - Slapshot by Jordan Greenway.
17:28 of 2nd period - Shot Blocked by Brady Tkachuk.
17:30 of 2nd period - Wrist shot by Jordan Greenway.
17:30 of 2nd period - Stopped by Cam Talbot without a rebound.
17:31 of 2nd period - Nino Niederreiter wins face-off versus Shane Pinto in Toronto Maple Leafs zone.
17:56 of 2nd period - Nick Bjugstad is hit by Alec Martinez and loses puck.
18:01 of 2nd period - Snap shot by Andreas Athanasiou.
18:01 of 2nd period - Shot Misses the Net.
18:17 of 2nd period - Wrist shot by Andrew Mangiapane.
18:17 of 2nd period - Stopped by John Gibson with a rebound.
18:25 of 2nd period - Slapshot by Andrew Mangiapane.
18:25 of 2nd period - Shot Blocked by Justin Holl.
18:27 of 2nd period - Wrist shot by Nino Niederreiter.
18:27 of 2nd period - Stopped by John Gibson without a rebound.
18:28 of 2nd period - Wyatt Johnston wins face-off versus Anthony Duclair in Quebec Nordiques zone.
18:53 of 2nd period - Mario Ferraro is hit by Cole Perfetti and loses puck.
Goals for this period are 0 for Quebec Nordiques vs 1 for Toronto Maple Leafs.
Shots for this period are 11 for Quebec Nordiques vs 10 for Toronto Maple Leafs.
3rd period
0:01 of 3rd period - Wyatt Johnston wins face-off versus Marco Rossi in neutral zone.
0:06 of 3rd period - Snap shot by Troy Terry.
0:06 of 3rd period - Stopped by John Gibson with a rebound.
1:47 of 3rd period - Aaron Ekblad is hit by Andreas Athanasiou and loses puck.
1:52 of 3rd period - Slapshot by Jordan Greenway.
1:52 of 3rd period - Stopped by Cam Talbot with a rebound.
1:54 of 3rd period - Wrist shot by Jordan Greenway.
1:54 of 3rd period - Stopped by Cam Talbot without a rebound.
1:55 of 3rd period - Wyatt Johnston wins face-off versus Marco Rossi in Toronto Maple Leafs zone.
2:08 of 3rd period - Wyatt Johnston is hit by Kirby Dach and loses puck.
2:31 of 3rd period - Wrist shot by Andrew Mangiapane.
2:31 of 3rd period - Stopped by John Gibson with a rebound.
4:15 of 3rd period - Snap shot by Brady Tkachuk.
4:15 of 3rd period - Shot Misses the Net.
4:35 of 3rd period - Slapshot by Scott Laughton.
4:35 of 3rd period - Goal by Scott Laughton - Quebec Nordiques : 2 - Toronto Maple Leafs : 3.
4:36 of 3rd period - Marco Rossi wins face-off versus Wyatt Johnston in neutral zone.
5:07 of 3rd period - Slapshot by Shane Pinto.
5:07 of 3rd period - Shot Misses the Net.
5:45 of 3rd period - Wrist shot by Rem Pitlick.
5:45 of 3rd period - Stopped by Cam Talbot without a rebound.
5:46 of 3rd period - Scott Laughton wins face-off versus Connor Brown in Toronto Maple Leafs zone.
6:09 of 3rd period - Wrist shot by Aaron Ekblad.
6:09 of 3rd period - Shot Misses the Net.
6:25 of 3rd period - Wrist shot by Sam Bennett.
6:25 of 3rd period - Shot Misses the Net.
6:27 of 3rd period - Snap shot by Sean Walker.
6:27 of 3rd period - Shot Blocked by Kirby Dach.
6:29 of 3rd period - Wrist shot by Brandon Saad.
6:29 of 3rd period - Stopped by John Gibson with a rebound.
7:03 of 3rd period - Wrist shot by Scott Laughton.
7:03 of 3rd period - Stopped by John Gibson with a rebound.
7:05 of 3rd period - Snap shot by Brandon Saad.
7:05 of 3rd period - Shot Blocked by Michael Anderson.
7:07 of 3rd period - Wrist shot by Scott Laughton.
7:07 of 3rd period - Shot Blocked by Michael Anderson.
7:20 of 3rd period - Minor Penalty to Marco Rossi for Roughing.
7:21 of 3rd period - Michael McCarron wins face-off versus Tomas Hertl in Quebec Nordiques zone.
7:53 of 3rd period - Snap shot by Wyatt Johnston.
7:53 of 3rd period - Shot Blocked by Jonas Siegenthaler.
8:15 of 3rd period - Aaron Ekblad is hit by Michael McCarron and loses puck.
8:16 of 3rd period - Aaron Ekblad from Toronto Maple Leafs is injured at 8:16 of 3rd period (Right Leg).
8:17 of 3rd period - Michael McCarron wins face-off versus Wyatt Johnston in Toronto Maple Leafs zone.
8:30 of 3rd period - Snap shot by Michael McCarron.
8:30 of 3rd period - Shot Misses the Net.
8:32 of 3rd period - Slapshot by Alec Martinez.
8:32 of 3rd period - Stopped by Cam Talbot with a rebound.
9:20 of 3rd period - Penalty to Marco Rossi is over, Marco Rossi is back on ice.
9:54 of 3rd period - Scott Laughton is hit by Michael Anderson.
9:55 of 3rd period - Icing by Scott Laughton.
9:56 of 3rd period - Scott Laughton wins face-off versus Marco Rossi in Toronto Maple Leafs zone.
10:01 of 3rd period - Backhand shot by Ryan Pulock.
10:01 of 3rd period - Shot Blocked by Alec Martinez.
10:03 of 3rd period - Snap shot by Sam Bennett.
10:03 of 3rd period - Stopped by John Gibson without a rebound.
10:04 of 3rd period - Shane Pinto wins face-off versus Wyatt Johnston in Quebec Nordiques zone.
10:42 of 3rd period - Snap shot by Jordan Greenway.
10:42 of 3rd period - Stopped by Cam Talbot with a rebound.
11:00 of 3rd period - Snap shot by Nino Niederreiter.
11:00 of 3rd period - Shot Misses the Net.
11:02 of 3rd period - Snap shot by Sean Walker.
11:02 of 3rd period - Shot Blocked by Michael Anderson.
11:04 of 3rd period - Snap shot by Andrew Mangiapane.
11:04 of 3rd period - Goal by Andrew Mangiapane - Quebec Nordiques : 2 - Toronto Maple Leafs : 4.
11:05 of 3rd period - Wyatt Johnston wins face-off versus Shane Pinto in neutral zone.
11:30 of 3rd period - Mario Ferraro is hit by Kirby Dach and loses puck.
12:35 of 3rd period - Zach Benson is hit by Sam Bennett and loses puck.
12:42 of 3rd period - Wrist shot by Scott Laughton.
12:42 of 3rd period - Stopped by John Gibson with a rebound.
13:16 of 3rd period - J.J. Moser is hit by Nick Bjugstad and loses puck.
13:48 of 3rd period - Jordan Greenway is hit by Troy Terry and loses puck.
14:05 of 3rd period - Anthony Duclair is hit by Tomas Hertl and loses puck.
14:10 of 3rd period - Snap shot by Brady Tkachuk.
14:10 of 3rd period - Stopped by John Gibson without a rebound.
14:11 of 3rd period - Scott Laughton wins face-off versus Ryan Poehling in Quebec Nordiques zone.
14:12 of 3rd period - Wrist shot by Sam Bennett.
14:12 of 3rd period - Stopped by John Gibson with a rebound.
14:36 of 3rd period - Snap shot by Shane Pinto.
14:36 of 3rd period - Goal by Shane Pinto - Quebec Nordiques : 3 - Toronto Maple Leafs : 4.
14:37 of 3rd period - Shane Pinto wins face-off versus Wyatt Johnston in neutral zone.
14:42 of 3rd period - Snap shot by Shane Pinto.
14:42 of 3rd period - Shot Hit the Post.
14:44 of 3rd period - Slapshot by Alec Martinez.
14:44 of 3rd period - Deflect By Shane Pinto.
14:44 of 3rd period - Shot Misses the Net.
14:44 of 3rd period - Puck is out of play.
14:45 of 3rd period - Shane Pinto wins face-off versus Wyatt Johnston in Toronto Maple Leafs zone.
14:55 of 3rd period - Off-side.
14:56 of 3rd period - Wyatt Johnston wins face-off versus Andreas Athanasiou in neutral zone.
15:09 of 3rd period - Wrist shot by Jordan Greenway.
15:09 of 3rd period - Shot Blocked by Wyatt Johnston.
15:11 of 3rd period - Snap shot by Andreas Athanasiou.
15:11 of 3rd period - Shot Blocked by Dougie Hamilton.
16:14 of 3rd period - Snap shot by Nicolas Roy.
16:14 of 3rd period - Shot Blocked by Jordan Greenway.
16:16 of 3rd period - Wrist shot by Nicolas Roy.
16:16 of 3rd period - Stopped by John Gibson without a rebound.
16:17 of 3rd period - Michael McCarron wins face-off versus Tomas Hertl in Quebec Nordiques zone.
16:23 of 3rd period - J.J. Moser is hit by Mario Ferraro and loses puck.
17:27 of 3rd period - Icing by Shane Pinto.
17:28 of 3rd period - Quinton Byfield wins face-off versus Shane Pinto in Quebec Nordiques zone.
17:33 of 3rd period - Snap shot by Troy Terry.
17:33 of 3rd period - Stopped by John Gibson with a rebound.
17:35 of 3rd period - Wrist shot by Quinton Byfield.
17:35 of 3rd period - Stopped by John Gibson with a rebound.
17:37 of 3rd period - Snap shot by Ryan Pulock.
17:37 of 3rd period - Shot Blocked by Alec Martinez.
17:41 of 3rd period - Slapshot by Quinton Byfield.
17:41 of 3rd period - Stopped by John Gibson without a rebound.
17:42 of 3rd period - Nick Bjugstad wins face-off versus Michael McCarron in Quebec Nordiques zone.
18:15 of 3rd period - Wrist shot by Connor Brown.
18:15 of 3rd period - Shot Misses the Net.
18:17 of 3rd period - Snap shot by Ryan Poehling.
18:17 of 3rd period - Shot Misses the Net.
18:29 of 3rd period - Snap shot by Wyatt Johnston.
18:29 of 3rd period - Shot Misses the Net.
18:33 of 3rd period - Snap shot by Quinton Byfield.
18:33 of 3rd period - Shot Blocked by Marco Rossi.
18:35 of 3rd period - Wrist shot by Troy Terry.
18:35 of 3rd period - Stopped by John Gibson without a rebound.
18:36 of 3rd period - Nick Bjugstad wins face-off versus Michael McCarron in Quebec Nordiques zone.
18:41 of 3rd period - Snap shot by Andrew Mangiapane.
18:41 of 3rd period - Shot Blocked by Andreas Athanasiou.
18:53 of 3rd period - Icing by Nick Bjugstad.
18:54 of 3rd period - Nick Bjugstad wins face-off versus Cole Perfetti in Toronto Maple Leafs zone.
19:01 of 3rd period - Quebec Nordiques, John Gibson is pulled from the net.
19:30 of 3rd period - Snap shot by Shane Pinto.
19:30 of 3rd period - Stopped by Cam Talbot with a rebound.
19:32 of 3rd period - Backhand shot by J.J. Moser.
19:32 of 3rd period - Stopped by Cam Talbot with a rebound.
19:34 of 3rd period - Snap shot by Anthony Duclair.
19:34 of 3rd period - Shot Blocked by Sean Walker.
19:36 of 3rd period - Snap shot by Anthony Duclair.
19:36 of 3rd period - Shot Blocked by Dougie Hamilton.
19:38 of 3rd period - Snap shot by Shane Pinto.
19:38 of 3rd period - Stopped by Cam Talbot without a rebound.
19:39 of 3rd period - Patrick Roy call a timeout for Quebec Nordiques.
19:39 of 3rd period - Tomas Hertl wins face-off versus Shane Pinto in Toronto Maple Leafs zone.
Goals for this period are 1 for Quebec Nordiques vs 2 for Toronto Maple Leafs.
Shots for this period are 9 for Quebec Nordiques vs 15 for Toronto Maple Leafs.
Back to the Top